Sabres vs MapleLeafs

Created - Sunday, March 20, 2016 at 01:13

Goals
1 2 3 T
Sabres 1 1 1 3
MapleLeafs 2 0 0 2
Shots
1 2 3 T
Sabres 20 7 6 33
MapleLeafs 7 11 9 27

1st period

1. Sabres , Jay Bouwmeester 7 (Sidney Crosby, Steven Stamkos) at 1:42 (PP)
2. MapleLeafs , Justin Williams 23 (Dominic Moore) at 2:11
3. MapleLeafs , Jeff Skinner 13 (Drew Doughty) at 3:25

Penalties :
Brandon Sutter (Tor) for Interference (Minor) at 1:07, Benoit Pouliot (Buf) for Slashing (Minor) at 9:37

2nd period

4. Sabres , Vernon Fiddler 9 (Chris Higgins, Rasmus Ristolainen) at 2:58

Penalties :
Brandon Sutter (Tor) for Roughing (Double Minor) at 3:01, Nikita Zadorov (Buf) for Hooking (Minor) at 16:23

3rd period

5. Sabres , David Perron 17 (Ryan Kesler) at 12:27 (PP)

Penalties :
Drew Doughty (Tor) for Holding (Minor) at 3:00, James Neal (Tor) for Hooking (Minor) at 12:26, Karl Alzner (Tor) for High sticking (Minor) at 13:02, Marc-Edouard Vlasic (Tor) for Roughing (Minor) at 15:42

Goalie Stats

Ondrej Pavelec (Buf), 25 saves from 27 shots - (0.926), W, 35-13-4, 60:00 minutes
Cory Schneider (Tor), 30 saves from 33 shots - (0.909), L, 35-23-2, 59:01 minutes

Players Stats for Sabres

Player Name              G  A  P  +/- PIM S  H  SB GA TA FO     MP     PP MP  PK MP  
------------------------------------------------------------------------------------
Alec Martinez            0  0  0   1  0   0  1  3  1  2  0/0    21:51   4:35   2:58 
Benoit Pouliot           0  0  0   0  2   1  1  0  1  1  0/3    16:47   5:04   0:00 
Boyd Gordon              0  0  0  -1  0   1  0  0  3  0  5/8    12:08   0:00   2:04 
Brooks Orpik             0  0  0  -1  0   2  2  7  0  0  0/0    17:02   0:00   1:00 
Chris Higgins            0  1  1   0  0   4  2  0  0  0  0/0    14:07   0:00   1:54 
David Perron             1  0  1   0  0   8  1  0  3  0  0/1    16:19   5:04   0:00 
Dwight King              0  0  0  -1  0   0  1  0  3  0  0/1     9:03   0:00   0:00 
Gustav Nyquist           0  0  0   0  0   1  1  0  0  1  0/0    17:26   5:28   0:00 
Jay Bouwmeester          1  0  1  -1  0   1  0  2  0  3  0/0    25:55   5:57   1:00 
Matt Stajan              0  0  0  -1  0   1  2  0  0  0  0/1    12:08   0:00   2:04 
Nate Schmidt             0  0  0  -1  0   0  1  0  0  1  0/0    15:46   0:00   2:58 
Nikita Zadorov           0  0  0  -1  2   2  1  0  1  0  0/0    18:04   4:35   0:00 
Pierre-Alexandre Parente 0  0  0   0  0   0  0  0  0  0  0/0    12:13   0:00   0:00 
Rasmus Ristolainen       0  1  1   1  0   1  0  2  0  0  0/0    21:51   5:57   0:00 
Ryan Kesler              0  1  1   0  0   2  0  0  2  0  11/13  16:19   5:04   0:00 
Sidney Crosby            0  1  1   0  0   5  1  0  5  0  9/15   17:26   5:28   0:00 
Steven Stamkos           0  1  1   0  0   3  0  0  2  0  1/2    17:26   5:28   0:00 
Vernon Fiddler           1  0  1   0  0   1  0  0  0  1  2/7    14:09   0:00   1:54 

Players Stats for MapleLeafs

Player Name              G  A  P  +/- PIM S  H  SB GA TA FO     MP     PP MP  PK MP  
------------------------------------------------------------------------------------
Bobby Ryan               0  0  0   0  0   0  0  0  5  0  0/0    15:45   2:08   3:00 
Brandon Prust            0  0  0   0  0   1  1  0  0  1  1/4    12:30   0:00   2:47 
Brandon Sutter           0  0  0   0  6   1  1  0  0  0  8/18   15:50   2:08   3:51 
Carl Gunnarsson          0  0  0   0  0   2  1  2  0  2  0/0    16:38   0:00   0:00 
Dainius Zubrus           0  0  0   1  0   0  0  0  0  1  4/8    11:05   0:00   0:33 
Dominic Moore            0  1  1   1  0   1  0  0  0  0  0/0    16:52   0:00   6:42 
Drew Doughty             0  1  1   0  2   2  2  5  0  2  0/0    26:02   2:31   4:54 
Erik Gudbranson          0  0  0   1  0   1  1  1  0  1  0/0    14:38   0:00   3:49 
James Neal               0  0  0   0  2   2  1  0  4  0  0/0    16:58   1:50   0:00 
James van Riemsdyk       0  0  0   0  0   1  1  0  2  1  0/2    16:59   1:50   0:00 
Jeff Skinner             1  0  1   0  0   2  0  0  0  0  1/1     9:34   0:00   0:00 
Justin Williams          1  0  1   1  0   5  2  0  1  0  1/5    14:28   0:00   3:43 
Karl Alzner              0  0  0   0  2   0  2  3  0  2  0/0    22:21   1:27   3:48 
Marc-Edouard Vlasic      0  0  0   0  2   0  1  3  0  0  0/0    20:29   2:31   1:49 
Mikko Koivu              0  0  0   0  0   1  0  0  0  0  7/10   16:59   1:50   0:00 
Morgan Rielly            0  0  0   1  0   5  1  2  0  3  0/0    20:53   1:27   6:44 
Patrick Sharp            0  0  0   0  0   0  1  0  2  1  1/1    11:19   2:08   0:00 
Shawn Matthias           0  0  0   0  0   3  0  0  0  1  0/2    10:02   0:00   0:28 

3 Stars

1 - Justin Williams (Tor)
2 - David Perron (Buf)
3 - Vernon Fiddler (Buf)

Power Play

Sabres - 2 on 7 Attempt(s) - 28.57%
MapleLeafs - 0 on 2 Attempt(s) - 0.00%

Penalty Kill

Sabres - 2 on 2 Attempt(s) - 100.00% - Score 0 goal in Penalty Kill
MapleLeafs - 5 on 7 Attempt(s) - 71.43% - Score 0 goal in Penalty Kill

Team Stat

Sabres - Hits : 14 - Faceoff Wins : 28 - Blocked Shots : 14 - Penalty Minutes : 4
MapleLeafs - Hits : 15 - Faceoff Wins : 23 - Blocked Shots : 16 - Penalty Minutes : 14

Official

Referees : Unknown
Linesman : Unknown

Game Notes

No Game Note

Finance

Level 1 -- Attendance: 3180 (53.00%) -- Ticket Income $429,300
Level 2 -- Attendance: 2650 (53.00%) -- Ticket Income $225,250
Level 3 -- Attendance: 1092 (54.60%) -- Ticket Income $52,416
Level 4 -- Attendance: 2120 (53.00%) -- Ticket Income $61,480
Luxury Box -- Attendance: 597 (59.70%) -- Ticket Income $136,713
Game was played at the Air Canada Centre.
Total Attendance: 9639 (53.55%)
Total Ticket Income: $905,159
Other Income: $443,528
Total Income: $1,348,687

Sabres

5 vs 5 Forward 
   Center                   Left Wing                Right Wing               Time % Phy DF OF 
 1 Sidney Crosby            Gustav Nyquist           Steven Stamkos           35     0   2  3  
 2 Ryan Kesler              Benoit Pouliot           David Perron             33     0   2  3  
 3 Vernon Fiddler           Chris Higgins            Pierre-Alexandre Parentea20     1   2  2  
 4 Boyd Gordon              Dwight King              Matt Stajan              12     2   3  0  

5 vs 5 Defense 
   Defense                  Defense                                           Time % Phy DF OF 
 1 Jay Bouwmeester          Brooks Orpik                                      35     1   2  2  
 2 Alec Martinez            Rasmus Ristolainen                                30     1   3  1  
 3 Nikita Zadorov           Nate Schmidt                                      25     3   2  0  
 4 Jay Bouwmeester          Rasmus Ristolainen                                10     0   2  3  

PowerPlay Forward 
   Center                   Left Wing                Right Wing               Time % Phy DF OF 
 1 Sidney Crosby            Gustav Nyquist           Steven Stamkos           57     0   0  5  
 2 Ryan Kesler              Benoit Pouliot           David Perron             43     0   1  4  

PowerPlay Defense
   Defense                  Defense                                           Time % Phy DF OF 
 1 Jay Bouwmeester          Rasmus Ristolainen                                57     0   1  4  
 2 Alec Martinez            Nikita Zadorov                                    43     1   1  3  

Penalty Kill 4 Players Forward 
   Center                   Wing                     Time % Phy DF OF 
 1 Boyd Gordon              Matt Stajan              50     2   3  0  
 2 Vernon Fiddler           Chris Higgins            50     1   4  0  

Penalty Kill 4 Players Defense
   Defense                  Defense                  Time % Phy DF OF 
 1 Jay Bouwmeester          Brooks Orpik             50     1   3  1  
 2 Alec Martinez            Nate Schmidt             50     2   3  0  

Penalty Kill - 3 Players Forward 
   Forward                                           Time % Phy DF OF 
 1 Boyd Gordon                                       50     1   4  0  
 2 Vernon Fiddler                                    50     1   4  0  

Penalty Kill - 3 Players Defense
   Defense                  Defense                  Time % Phy DF OF 
 1 Jay Bouwmeester          Brooks Orpik             50     2   2  1  
 2 Alec Martinez            Nate Schmidt             50     2   2  1  

4 vs 4 Forward 
   Center                   Wing                     Time % Phy DF OF 
 1 Sidney Crosby            Steven Stamkos           57     0   2  3  
 2 Ryan Kesler              Gustav Nyquist           43     1   2  2  

4 vs 4 Defense
   Defense                  Defense                  Time % Phy DF OF 
 1 Jay Bouwmeester          Rasmus Ristolainen       57     1   2  2  
 2 Alec Martinez            Nikita Zadorov           43     1   2  2  

Last Minutes Offensive
   Center                   Left Wing                Right Wing               Defense                  Defense                  
   Sidney Crosby            Gustav Nyquist           Steven Stamkos           Benoit Pouliot           Jay Bouwmeester          

Last Minutes Defensive
   Center                   Left Wing                Right Wing               Defense                  Defense                  
   Boyd Gordon              Vernon Fiddler           Matt Stajan              Jay Bouwmeester          Brooks Orpik             

Goaltenders
Starting : Ondrej Pavelec           
Backup : Karri Ramo               

Extra Forwards
Normal : Benoit Pouliot, Chris Higgins, Steven Stamkos - PP : David Perron, Chris Higgins - PK : Ryan Kesler
Extra Defensemen
Normal : Rasmus Ristolainen, Nikita Zadorov, Alec Martinez - PP : Nate Schmidt - PK : Nikita Zadorov, Rasmus Ristolainen
Penalty Shots
Gustav Nyquist, Sidney Crosby, Pierre-Alexandre Parenteau, Chris Higgins, Vernon Fiddler

MapleLeafs

5 vs 5 Forward 
   Center                   Left Wing                Right Wing               Time % Phy DF OF 
 1 Mikko Koivu              James van Riemsdyk       James Neal               35     0   2  3  
 2 Brandon Sutter           Bobby Ryan               Patrick Sharp            30     0   2  3  
 3 Dainius Zubrus           Dominic Moore            Justin Williams          25     0   2  3  
 4 Shawn Matthias           Jeff Skinner             Brandon Prust            10     1   2  2  

5 vs 5 Defense 
   Defense                  Defense                                           Time % Phy DF OF 
 1 Drew Doughty             Carl Gunnarsson                                   40     1   2  2  
 2 Marc-Edouard Vlasic      Karl Alzner                                       35     1   2  2  
 3 Morgan Rielly            Erik Gudbranson                                   25     1   2  2  
 4 Drew Doughty             Marc-Edouard Vlasic                               0      1   2  2  

PowerPlay Forward 
   Center                   Left Wing                Right Wing               Time % Phy DF OF 
 1 Mikko Koivu              James van Riemsdyk       James Neal               60     0   1  4  
 2 Brandon Sutter           Bobby Ryan               Patrick Sharp            40     0   1  4  

PowerPlay Defense
   Defense                  Defense                                           Time % Phy DF OF 
 1 Drew Doughty             Marc-Edouard Vlasic                               75     0   2  3  
 2 Morgan Rielly            Karl Alzner                                       25     0   2  3  

Penalty Kill 4 Players Forward 
   Center                   Wing                     Time % Phy DF OF 
 1 Brandon Sutter           Dominic Moore            65     0   5  0  
 2 Dainius Zubrus           Shawn Matthias           35     0   5  0  

Penalty Kill 4 Players Defense
   Defense                  Defense                  Time % Phy DF OF 
 1 Drew Doughty             Morgan Rielly            70     0   5  0  
 2 Marc-Edouard Vlasic      Karl Alzner              30     0   5  0  

Penalty Kill - 3 Players Forward 
   Forward                                           Time % Phy DF OF 
 1 Dominic Moore                                     65     0   5  0  
 2 Brandon Sutter                                    35     0   5  0  

Penalty Kill - 3 Players Defense
   Defense                  Defense                  Time % Phy DF OF 
 1 Drew Doughty             Erik Gudbranson          70     0   5  0  
 2 Marc-Edouard Vlasic      Karl Alzner              30     0   5  0  

4 vs 4 Forward 
   Center                   Wing                     Time % Phy DF OF 
 1 Mikko Koivu              James van Riemsdyk       60     0   2  3  
 2 Patrick Sharp            James Neal               40     0   2  3  

4 vs 4 Defense
   Defense                  Defense                  Time % Phy DF OF 
 1 Drew Doughty             Morgan Rielly            60     1   2  2  
 2 Marc-Edouard Vlasic      Karl Alzner              40     1   2  2  

Last Minutes Offensive
   Center                   Left Wing                Right Wing               Defense                  Defense                  
   Mikko Koivu              James van Riemsdyk       James Neal               Drew Doughty             Carl Gunnarsson          

Last Minutes Defensive
   Center                   Left Wing                Right Wing               Defense                  Defense                  
   Mikko Koivu              James van Riemsdyk       James Neal               Drew Doughty             Carl Gunnarsson          

Goaltenders
Starting : Cory Schneider           
Backup : Scott Clemmensen         

Extra Forwards
Normal : Dainius Zubrus, Dominic Moore, Justin Williams - PP : Dainius Zubrus, Dominic Moore - PK : Justin Williams
Extra Defensemen
Normal : Morgan Rielly, Erik Gudbranson, Marc-Edouard Vlasic - PP : Morgan Rielly - PK : Erik Gudbranson, Marc-Edouard Vlasic
Penalty Shots
Mikko Koivu, James van Riemsdyk, James Neal, Brandon Sutter, Bobby Ryan

% Time on Ice - Sabres

Lines # - Real PCT - Wanted PCT - Time Play
Normal Forward
1 - 28% - 35% - 12:57
2 - 25% - 33% - 11:15
3 - 27% - 20% - 12:13
4 - 20% - 12% - 9:03
Normal Defense
1 - 36% - 35% - 16:28
2 - 31% - 30% - 14:18
3 - 27% - 25% - 12:14
4 - 5% - 10% - 2:28
PP Forward
1 - 52% - 57% - 5:28
2 - 48% - 43% - 5:04
PP Defense
1 - 56% - 57% - 5:57
2 - 44% - 43% - 4:35
PK Forward
1 - 52% - 50% - 2:04
2 - 48% - 50% - 1:54
PK Defense
1 - 25% - 50% - 1:00
2 - 75% - 50% - 2:58
PK3 Forward
1 - 0% - 50%
2 - 0% - 50%
PK3 Defense
1 - 0% - 50%
2 - 0% - 50%
44 Forward
1 - 0% - 57%
2 - 0% - 43%
44 Defense
1 - 0% - 57%
2 - 0% - 43%
Last Minute Offensive  - 0:00
Last Minute Defensive  - 0:02
Total
Forward - 60:00
Defense - 60:00

% Time on Ice - MapleLeafs

Lines # - Real PCT - Wanted PCT - Time Play
Normal Forward
1 - 36% - 35% - 15:57
2 - 21% - 30% - 9:11
3 - 22% - 25% - 9:50
4 - 21% - 10% - 9:34
Normal Defense
1 - 40% - 40% - 17:42
2 - 38% - 35% - 16:47
3 - 23% - 25% - 10:03
4 - 0% - 0% - 0:00
PP Forward
1 - 46% - 60% - 1:50
2 - 54% - 40% - 2:08
PP Defense
1 - 63% - 75% - 2:31
2 - 37% - 25% - 1:27
PK Forward
1 - 96% - 65% - 10:04
2 - 4% - 35% - 0:28
PK Defense
1 - 64% - 70% - 6:44
2 - 36% - 30% - 3:48
PK3 Forward
1 - 0% - 65%
2 - 0% - 35%
PK3 Defense
1 - 0% - 70%
2 - 0% - 30%
44 Forward
1 - 0% - 60%
2 - 0% - 40%
44 Defense
1 - 0% - 60%
2 - 0% - 40%
Last Minute Offensive  - 0:58
Last Minute Defensive  - 0:00
Total
Forward - 60:00
Defense - 60:00

Play by Play

1st period


0:01 of 1st period - Mikko Koivu wins face-off versus Sidney Crosby in neutral zone.
0:04 of 1st period - Wrist shot by James Neal.
0:04 of 1st period - Stopped by Ondrej Pavelec without a rebound.
0:05 of 1st period - Sidney Crosby wins face-off versus James van Riemsdyk in Sabres zone.
0:28 of 1st period - Snap shot by Sidney Crosby.
0:28 of 1st period - Stopped by Cory Schneider without a rebound.
0:29 of 1st period - Ryan Kesler wins face-off versus Brandon Sutter in MapleLeafs zone.
1:07 of 1st period - Minor Penalty to Brandon Sutter for Interference.
1:08 of 1st period - Sidney Crosby wins face-off versus Justin Williams in MapleLeafs zone.
1:19 of 1st period - Snap shot by Steven Stamkos.
1:19 of 1st period - Stopped by Cory Schneider with a rebound.
1:21 of 1st period - Wrist shot by Sidney Crosby.
1:21 of 1st period - Stopped by Cory Schneider without a rebound.
1:22 of 1st period - Sidney Crosby wins face-off versus Justin Williams in MapleLeafs zone.
1:42 of 1st period - Slapshot by Jay Bouwmeester.
1:42 of 1st period - Goal by Jay Bouwmeester - Sabres : 1 - MapleLeafs : 0.
1:43 of 1st period - Dainius Zubrus wins face-off versus Vernon Fiddler in neutral zone.
2:11 of 1st period - Wrist shot by Justin Williams.
2:11 of 1st period - Goal by Justin Williams - Sabres : 1 - MapleLeafs : 1.
2:12 of 1st period - Sidney Crosby wins face-off versus James van Riemsdyk in neutral zone.
2:19 of 1st period - Snap shot by Sidney Crosby.
2:19 of 1st period - Shot Blocked by Drew Doughty.
2:21 of 1st period - Slapshot by Brooks Orpik.
2:21 of 1st period - Stopped by Cory Schneider with a rebound.
2:23 of 1st period - Wrist shot by Sidney Crosby.
2:23 of 1st period - Shot Misses the Net.
2:25 of 1st period - Wrist shot by Gustav Nyquist.
2:25 of 1st period - Shot Blocked by Carl Gunnarsson.
2:27 of 1st period - Snap shot by Gustav Nyquist.
2:27 of 1st period - Deflect By Sidney Crosby.
2:27 of 1st period - Shot Misses the Net.
2:27 of 1st period - Puck is out of play.
2:28 of 1st period - Sidney Crosby wins face-off versus Mikko Koivu in MapleLeafs zone.
2:31 of 1st period - Slapshot by Steven Stamkos.
2:31 of 1st period - Shot Blocked by Carl Gunnarsson.
3:25 of 1st period - Snap shot by Jeff Skinner.
3:25 of 1st period - Goal by Jeff Skinner - Sabres : 1 - MapleLeafs : 2.
3:26 of 1st period - Ryan Kesler wins face-off versus Brandon Sutter in neutral zone.
4:26 of 1st period - Snap shot by Dainius Zubrus.
4:26 of 1st period - Deflect By Dominic Moore.
4:26 of 1st period - Shot Misses the Net.
4:26 of 1st period - Puck is out of play.
4:27 of 1st period - Vernon Fiddler wins face-off versus Dainius Zubrus in Sabres zone.
4:50 of 1st period - Pierre-Alexandre Parenteau is hit by Erik Gudbranson.
5:11 of 1st period - Snap shot by Shawn Matthias.
5:11 of 1st period - Stopped by Ondrej Pavelec without a rebound.
5:12 of 1st period - Sidney Crosby wins face-off versus Brandon Prust in Sabres zone.
5:44 of 1st period - Snap shot by Shawn Matthias.
5:44 of 1st period - Shot Blocked by Brooks Orpik.
6:20 of 1st period - Snap shot by David Perron.
6:20 of 1st period - Shot Blocked by Drew Doughty.
6:22 of 1st period - Snap shot by Ryan Kesler.
6:22 of 1st period - Shot Misses the Net.
6:24 of 1st period - Backhand shot by Benoit Pouliot.
6:24 of 1st period - Shot Misses the Net.
6:26 of 1st period - Slapshot by David Perron.
6:26 of 1st period - Stopped by Cory Schneider with a rebound.
6:28 of 1st period - Wrist shot by Benoit Pouliot.
6:28 of 1st period - Shot Blocked by Drew Doughty.
6:30 of 1st period - Snap shot by Benoit Pouliot.
6:30 of 1st period - Stopped by Cory Schneider with a rebound.
7:06 of 1st period - Marc-Edouard Vlasic is hit by Matt Stajan and loses puck.
8:37 of 1st period - Wrist shot by Justin Williams.
8:37 of 1st period - Shot Blocked by Alec Martinez.
9:07 of 1st period - Steven Stamkos is hit by Morgan Rielly and loses puck.
9:37 of 1st period - Minor Penalty to Benoit Pouliot for Slashing.
9:38 of 1st period - Boyd Gordon wins face-off versus Brandon Sutter in Sabres zone.
10:37 of 1st period - Icing by Marc-Edouard Vlasic.
10:38 of 1st period - Mikko Koivu wins face-off versus Vernon Fiddler in MapleLeafs zone.
10:53 of 1st period - Nate Schmidt is hit by Brandon Sutter and loses puck.
11:37 of 1st period - Penalty to Benoit Pouliot is over, Benoit Pouliot is back on ice.
12:16 of 1st period - Slapshot by Justin Williams.
12:16 of 1st period - Shot Misses the Net.
12:43 of 1st period - Snap shot by Sidney Crosby.
12:43 of 1st period - Stopped by Cory Schneider without a rebound.
12:44 of 1st period - Ryan Kesler wins face-off versus Shawn Matthias in MapleLeafs zone.
12:45 of 1st period - Snap shot by David Perron.
12:45 of 1st period - Shot Misses the Net.
13:19 of 1st period - Slapshot by Shawn Matthias.
13:19 of 1st period - Shot Blocked by Rasmus Ristolainen.
14:25 of 1st period - Sidney Crosby is hit by Karl Alzner and loses puck.
14:30 of 1st period - Snap shot by Justin Williams.
14:30 of 1st period - Stopped by Ondrej Pavelec without a rebound.
14:31 of 1st period - Ryan Kesler wins face-off versus Dainius Zubrus in Sabres zone.
15:01 of 1st period - Wrist shot by Shawn Matthias.
15:01 of 1st period - Shot Misses the Net.
15:55 of 1st period - Brooks Orpik is hit by Carl Gunnarsson and loses puck.
16:04 of 1st period - Snap shot by James Neal.
16:04 of 1st period - Shot Blocked by Brooks Orpik.
16:14 of 1st period - Slapshot by Mikko Koivu.
16:14 of 1st period - Stopped by Ondrej Pavelec with a rebound.
16:16 of 1st period - Wrist shot by Morgan Rielly.
16:16 of 1st period - Stopped by Ondrej Pavelec with a rebound.
16:18 of 1st period - Slapshot by Morgan Rielly.
16:18 of 1st period - Shot Misses the Net.
16:20 of 1st period - Slapshot by Erik Gudbranson.
16:20 of 1st period - Shot Blocked by Brooks Orpik.
16:22 of 1st period - Slapshot by Morgan Rielly.
16:22 of 1st period - Shot Misses the Net.
16:45 of 1st period - Off-side.
16:46 of 1st period - Brandon Sutter wins face-off versus Dwight King in neutral zone.
16:51 of 1st period - Backhand shot by Patrick Sharp.
16:51 of 1st period - Shot Blocked by Alec Martinez.
16:56 of 1st period - Alec Martinez is hit by Drew Doughty and loses puck.
16:59 of 1st period - Snap shot by Boyd Gordon.
16:59 of 1st period - Stopped by Cory Schneider with a rebound.
17:01 of 1st period - Snap shot by Matt Stajan.
17:01 of 1st period - Stopped by Cory Schneider without a rebound.
17:02 of 1st period - Ryan Kesler wins face-off versus Dainius Zubrus in MapleLeafs zone.
17:19 of 1st period - Wrist shot by David Perron.
17:19 of 1st period - Shot Blocked by Drew Doughty.
17:35 of 1st period - Snap shot by Ryan Kesler.
17:35 of 1st period - Stopped by Cory Schneider without a rebound.
17:36 of 1st period - Sidney Crosby wins face-off versus Mikko Koivu in MapleLeafs zone.
17:47 of 1st period - Snap shot by Sidney Crosby.
17:47 of 1st period - Shot Blocked by Marc-Edouard Vlasic.
17:49 of 1st period - Wrist shot by Gustav Nyquist.
17:49 of 1st period - Shot Blocked by Karl Alzner.
17:51 of 1st period - Snap shot by Gustav Nyquist.
17:51 of 1st period - Stopped by Cory Schneider with a rebound.
17:53 of 1st period - Snap shot by Sidney Crosby.
17:53 of 1st period - Shot Misses the Net.
17:55 of 1st period - Backhand shot by Rasmus Ristolainen.
17:55 of 1st period - Stopped by Cory Schneider with a rebound.
18:03 of 1st period - Slapshot by Sidney Crosby.
18:03 of 1st period - Stopped by Cory Schneider with a rebound.
19:00 of 1st period - Icing by Marc-Edouard Vlasic.
19:01 of 1st period - Ryan Kesler wins face-off versus Mikko Koivu in MapleLeafs zone.
19:06 of 1st period - Snap shot by David Perron.
19:06 of 1st period - Stopped by Cory Schneider with a rebound.
19:20 of 1st period - Wrist shot by David Perron.
19:20 of 1st period - Shot Misses the Net.
19:22 of 1st period - Slapshot by Brooks Orpik.
19:22 of 1st period - Stopped by Cory Schneider with a rebound.
19:24 of 1st period - Wrist shot by Benoit Pouliot.
19:24 of 1st period - Shot Blocked by Marc-Edouard Vlasic.
19:26 of 1st period - Wrist shot by David Perron.
19:26 of 1st period - Shot Blocked by Karl Alzner.
19:28 of 1st period - Snap shot by Ryan Kesler.
19:28 of 1st period - Stopped by Cory Schneider with a rebound.
19:30 of 1st period - Snap shot by David Perron.
19:30 of 1st period - Stopped by Cory Schneider with a rebound.
19:38 of 1st period - Wrist shot by David Perron.
19:38 of 1st period - Stopped by Cory Schneider with a rebound.
19:48 of 1st period - Snap shot by Chris Higgins.
19:48 of 1st period - Stopped by Cory Schneider with a rebound.
Goals for this period are 1 for Sabres vs 2 for MapleLeafs.
Shots for this period are 20 for Sabres vs 7 for MapleLeafs.

2nd period


0:01 of 2nd period - Ryan Kesler wins face-off versus Brandon Sutter in neutral zone.
0:16 of 2nd period - Brooks Orpik is hit by Patrick Sharp and loses puck.
1:10 of 2nd period - Wrist shot by Steven Stamkos.
1:10 of 2nd period - Stopped by Cory Schneider with a rebound.
1:20 of 2nd period - Wrist shot by Steven Stamkos.
1:20 of 2nd period - Shot Misses the Net.
1:40 of 2nd period - Matt Stajan is hit by James van Riemsdyk.
2:42 of 2nd period - Snap shot by Pierre-Alexandre Parenteau.
2:42 of 2nd period - Shot Blocked by Marc-Edouard Vlasic.
2:54 of 2nd period - Backhand shot by Chris Higgins.
2:54 of 2nd period - Stopped by Cory Schneider with a rebound.
2:56 of 2nd period - Wrist shot by Vernon Fiddler.
2:56 of 2nd period - Shot Misses the Net.
2:58 of 2nd period - Snap shot by Vernon Fiddler.
2:58 of 2nd period - Goal by Vernon Fiddler - Sabres : 2 - MapleLeafs : 2.
2:59 of 2nd period - Brandon Sutter wins face-off versus Ryan Kesler in neutral zone.
3:01 of 2nd period - Double Minor Penalty to Brandon Sutter for Roughing.
3:02 of 2nd period - Steven Stamkos wins face-off versus Justin Williams in MapleLeafs zone.
3:33 of 2nd period - Slapshot by Drew Doughty.
3:33 of 2nd period - Shot Blocked by Rasmus Ristolainen.
3:35 of 2nd period - Slapshot by Drew Doughty.
3:35 of 2nd period - Deflect By Steven Stamkos.
3:35 of 2nd period - Stopped by Ondrej Pavelec with a rebound.
3:37 of 2nd period - Slapshot by Morgan Rielly.
3:37 of 2nd period - Stopped by Ondrej Pavelec with a rebound.
3:39 of 2nd period - Snap shot by Drew Doughty.
3:39 of 2nd period - Shot Misses the Net.
4:04 of 2nd period - Karl Alzner is hit by David Perron and loses puck.
4:45 of 2nd period - Snap shot by Sidney Crosby.
4:45 of 2nd period - Shot Blocked by Karl Alzner.
4:47 of 2nd period - Slapshot by Nikita Zadorov.
4:47 of 2nd period - Stopped by Cory Schneider without a rebound.
4:48 of 2nd period - Sidney Crosby wins face-off versus Brandon Prust in MapleLeafs zone.
5:29 of 2nd period - Wrist shot by Gustav Nyquist.
5:29 of 2nd period - Shot Misses the Net.
5:51 of 2nd period - Snap shot by Bobby Ryan.
5:51 of 2nd period - Shot Blocked by Jay Bouwmeester.
5:53 of 2nd period - Slapshot by Marc-Edouard Vlasic.
5:53 of 2nd period - Deflect By Bobby Ryan.
5:53 of 2nd period - Shot Misses the Net.
5:53 of 2nd period - Puck is out of play.
5:54 of 2nd period - Ryan Kesler wins face-off versus Brandon Prust in Sabres zone.
6:28 of 2nd period - Off-side.
6:29 of 2nd period - Brandon Prust wins face-off versus Steven Stamkos in neutral zone.
6:32 of 2nd period - Gustav Nyquist is hit by Brandon Prust and loses puck.
7:01 of 2nd period - Penalty to Brandon Sutter is over, Brandon Sutter is back on ice.
7:35 of 2nd period - Slapshot by Chris Higgins.
7:35 of 2nd period - Shot Misses the Net.
9:09 of 2nd period - Morgan Rielly is hit by Alec Martinez and loses puck.
9:22 of 2nd period - Snap shot by Jeff Skinner.
9:22 of 2nd period - Shot Misses the Net.
9:24 of 2nd period - Snap shot by Brandon Prust.
9:24 of 2nd period - Stopped by Ondrej Pavelec without a rebound.
9:25 of 2nd period - Boyd Gordon wins face-off versus Dainius Zubrus in Sabres zone.
9:40 of 2nd period - Jay Bouwmeester is hit by Justin Williams and loses puck.
10:00 of 2nd period - Icing by Brooks Orpik.
10:01 of 2nd period - Boyd Gordon wins face-off versus Brandon Sutter in Sabres zone.
10:36 of 2nd period - Wrist shot by Jeff Skinner.
10:36 of 2nd period - Deflect By Shawn Matthias.
10:36 of 2nd period - Stopped by Ondrej Pavelec without a rebound.
10:37 of 2nd period - Jeff Skinner wins face-off versus Benoit Pouliot in Sabres zone.
11:23 of 2nd period - Wrist shot by Dominic Moore.
11:23 of 2nd period - Stopped by Ondrej Pavelec with a rebound.
11:25 of 2nd period - Snap shot by Karl Alzner.
11:25 of 2nd period - Deflect By Justin Williams.
11:25 of 2nd period - Stopped by Ondrej Pavelec without a rebound.
11:26 of 2nd period - Dainius Zubrus wins face-off versus Sidney Crosby in Sabres zone.
11:43 of 2nd period - Slapshot by Justin Williams.
11:43 of 2nd period - Stopped by Ondrej Pavelec with a rebound.
11:45 of 2nd period - Snap shot by Justin Williams.
11:45 of 2nd period - Shot Misses the Net.
12:19 of 2nd period - Pierre-Alexandre Parenteau is hit by James Neal.
12:32 of 2nd period - Morgan Rielly is hit by Chris Higgins and loses puck.
12:59 of 2nd period - Snap shot by David Perron.
12:59 of 2nd period - Shot Misses the Net.
13:48 of 2nd period - Wrist shot by Jeff Skinner.
13:48 of 2nd period - Stopped by Ondrej Pavelec with a rebound.
13:50 of 2nd period - Slapshot by Shawn Matthias.
13:50 of 2nd period - Shot Misses the Net.
13:52 of 2nd period - Slapshot by Carl Gunnarsson.
13:52 of 2nd period - Stopped by Ondrej Pavelec with a rebound.
13:54 of 2nd period - Snap shot by Shawn Matthias.
13:54 of 2nd period - Stopped by Ondrej Pavelec without a rebound.
13:55 of 2nd period - Dainius Zubrus wins face-off versus Matt Stajan in Sabres zone.
14:00 of 2nd period - Wrist shot by Justin Williams.
14:00 of 2nd period - Stopped by Ondrej Pavelec without a rebound.
14:01 of 2nd period - Justin Williams wins face-off versus Vernon Fiddler in Sabres zone.
14:18 of 2nd period - Slapshot by Justin Williams.
14:18 of 2nd period - Shot Blocked by Brooks Orpik.
15:10 of 2nd period - David Perron is hit by Marc-Edouard Vlasic and loses puck.
15:32 of 2nd period - Icing by Carl Gunnarsson.
15:33 of 2nd period - Brandon Sutter wins face-off versus Sidney Crosby in MapleLeafs zone.
16:04 of 2nd period - Snap shot by Sidney Crosby.
16:04 of 2nd period - Stopped by Cory Schneider without a rebound.
16:05 of 2nd period - Boyd Gordon wins face-off versus Justin Williams in MapleLeafs zone.
16:23 of 2nd period - Minor Penalty to Nikita Zadorov for Hooking.
16:24 of 2nd period - Mikko Koivu wins face-off versus Vernon Fiddler in Sabres zone.
16:24 of 2nd period - Slapshot by James van Riemsdyk.
16:24 of 2nd period - Shot Misses the Net.
16:48 of 2nd period - Alec Martinez is hit by Drew Doughty and loses puck.
16:55 of 2nd period - Snap shot by Chris Higgins.
16:55 of 2nd period - Shot Blocked by Drew Doughty.
16:57 of 2nd period - Wrist shot by Chris Higgins.
16:57 of 2nd period - Stopped by Cory Schneider with a rebound.
17:34 of 2nd period - Karl Alzner is hit by Chris Higgins and loses puck.
18:23 of 2nd period - Penalty to Nikita Zadorov is over, Nikita Zadorov is back on ice.
19:11 of 2nd period - Snap shot by David Perron.
19:11 of 2nd period - Stopped by Cory Schneider with a rebound.
19:13 of 2nd period - Slapshot by Brooks Orpik.
19:13 of 2nd period - Shot Misses the Net.
19:15 of 2nd period - Slapshot by Brooks Orpik.
19:15 of 2nd period - Shot Misses the Net.
19:57 of 2nd period - Shawn Matthias is hit by Brooks Orpik and loses puck.
Goals for this period are 1 for Sabres vs 0 for MapleLeafs.
Shots for this period are 7 for Sabres vs 11 for MapleLeafs.

3rd period


0:01 of 3rd period - Brandon Sutter wins face-off versus Ryan Kesler in neutral zone.
0:10 of 3rd period - Snap shot by Ryan Kesler.
0:10 of 3rd period - Shot Misses the Net.
0:18 of 3rd period - Snap shot by David Perron.
0:18 of 3rd period - Stopped by Cory Schneider without a rebound.
0:19 of 3rd period - Ryan Kesler wins face-off versus Brandon Sutter in MapleLeafs zone.
1:31 of 3rd period - Erik Gudbranson is hit by Nikita Zadorov and loses puck.
1:58 of 3rd period - Slapshot by Chris Higgins.
1:58 of 3rd period - Shot Misses the Net.
2:00 of 3rd period - Slapshot by Chris Higgins.
2:00 of 3rd period - Stopped by Cory Schneider without a rebound.
2:01 of 3rd period - Dainius Zubrus wins face-off versus Boyd Gordon in MapleLeafs zone.
2:01 of 3rd period - Dainius Zubrus is hit by Matt Stajan.
2:34 of 3rd period - Karl Alzner is hit by Dwight King and loses puck.
3:00 of 3rd period - Minor Penalty to Drew Doughty for Holding.
3:01 of 3rd period - Brandon Sutter wins face-off versus Sidney Crosby in MapleLeafs zone.
3:16 of 3rd period - Slapshot by Alec Martinez.
3:16 of 3rd period - Shot Blocked by Erik Gudbranson.
3:18 of 3rd period - Slapshot by Nikita Zadorov.
3:18 of 3rd period - Deflect By Dominic Moore.
3:18 of 3rd period - Stopped by Cory Schneider without a rebound.
3:19 of 3rd period - Sidney Crosby wins face-off versus Brandon Sutter in MapleLeafs zone.
3:20 of 3rd period - Wrist shot by Steven Stamkos.
3:20 of 3rd period - Stopped by Cory Schneider without a rebound.
3:21 of 3rd period - Brandon Sutter wins face-off versus Sidney Crosby in MapleLeafs zone.
4:02 of 3rd period - Snap shot by Brandon Sutter.
4:02 of 3rd period - Stopped by Ondrej Pavelec without a rebound.
4:03 of 3rd period - Brandon Sutter wins face-off versus Benoit Pouliot in Sabres zone.
4:04 of 3rd period - Slapshot by Morgan Rielly.
4:04 of 3rd period - Shot Blocked by Jay Bouwmeester.
5:00 of 3rd period - Penalty to Drew Doughty is over, Drew Doughty is back on ice.
5:43 of 3rd period - Pierre-Alexandre Parenteau is hit by Karl Alzner and loses puck.
6:04 of 3rd period - Snap shot by James Neal.
6:04 of 3rd period - Shot Hit the Post.
6:06 of 3rd period - Snap shot by Carl Gunnarsson.
6:06 of 3rd period - Stopped by Ondrej Pavelec without a rebound.
6:07 of 3rd period - Boyd Gordon wins face-off versus Shawn Matthias in Sabres zone.
6:30 of 3rd period - Drew Doughty is hit by Brooks Orpik and loses puck.
6:59 of 3rd period - Snap shot by David Perron.
6:59 of 3rd period - Stopped by Cory Schneider without a rebound.
7:00 of 3rd period - Mikko Koivu wins face-off versus Benoit Pouliot in MapleLeafs zone.
7:13 of 3rd period - Wrist shot by James van Riemsdyk.
7:13 of 3rd period - Shot Misses the Net.
7:21 of 3rd period - Snap shot by James Neal.
7:21 of 3rd period - Stopped by Ondrej Pavelec with a rebound.
8:37 of 3rd period - Wrist shot by Justin Williams.
8:37 of 3rd period - Shot Blocked by Alec Martinez.
10:42 of 3rd period - Morgan Rielly is hit by Nate Schmidt and loses puck.
11:10 of 3rd period - Off-side.
11:11 of 3rd period - Vernon Fiddler wins face-off versus Brandon Sutter in neutral zone.
11:28 of 3rd period - Snap shot by Bobby Ryan.
11:28 of 3rd period - Shot Misses the Net.
11:30 of 3rd period - Backhand shot by Brandon Sutter.
11:30 of 3rd period - Shot Blocked by Brooks Orpik.
11:32 of 3rd period - Slapshot by Morgan Rielly.
11:32 of 3rd period - Stopped by Ondrej Pavelec with a rebound.
11:34 of 3rd period - Slapshot by Erik Gudbranson.
11:34 of 3rd period - Stopped by Ondrej Pavelec with a rebound.
11:38 of 3rd period - Wrist shot by Bobby Ryan.
11:38 of 3rd period - Shot Blocked by Brooks Orpik.
11:40 of 3rd period - Snap shot by Bobby Ryan.
11:40 of 3rd period - Shot Blocked by Brooks Orpik.
11:42 of 3rd period - Snap shot by Bobby Ryan.
11:42 of 3rd period - Shot Misses the Net.
11:44 of 3rd period - Slapshot by Morgan Rielly.
11:44 of 3rd period - Deflect By Chris Higgins.
11:44 of 3rd period - Stopped by Ondrej Pavelec with a rebound.
11:46 of 3rd period - Snap shot by Morgan Rielly.
11:46 of 3rd period - Stopped by Ondrej Pavelec with a rebound.
12:00 of 3rd period - Morgan Rielly is hit by Gustav Nyquist and loses puck.
12:21 of 3rd period - Slapshot by Sidney Crosby.
12:21 of 3rd period - Shot Misses the Net.
12:23 of 3rd period - Wrist shot by Gustav Nyquist.
12:23 of 3rd period - Deflect By Sidney Crosby.
12:23 of 3rd period - Shot Misses the Net.
12:23 of 3rd period - Puck is out of play.
12:24 of 3rd period - Mikko Koivu wins face-off versus Boyd Gordon in MapleLeafs zone.
12:26 of 3rd period - Minor Penalty to James Neal for Hooking.
12:27 of 3rd period - Ryan Kesler wins face-off versus Brandon Sutter in MapleLeafs zone.
12:27 of 3rd period - Slapshot by David Perron.
12:27 of 3rd period - Goal by David Perron - Sabres : 3 - MapleLeafs : 2.
12:28 of 3rd period - Patrick Sharp wins face-off versus Sidney Crosby in neutral zone.
13:02 of 3rd period - Minor Penalty to Karl Alzner for High sticking.
13:03 of 3rd period - Brandon Sutter wins face-off versus David Perron in MapleLeafs zone.
13:31 of 3rd period - Snap shot by David Perron.
13:31 of 3rd period - Shot Misses the Net.
13:33 of 3rd period - Snap shot by Rasmus Ristolainen.
13:33 of 3rd period - Shot Blocked by Morgan Rielly.
14:34 of 3rd period - Ryan Kesler is hit by Justin Williams and loses puck.
14:47 of 3rd period - Snap shot by Alec Martinez.
14:47 of 3rd period - Shot Blocked by Morgan Rielly.
14:59 of 3rd period - Morgan Rielly is hit by Sidney Crosby and loses puck.
15:02 of 3rd period - Penalty to Karl Alzner is over, Karl Alzner is back on ice.
15:42 of 3rd period - Minor Penalty to Marc-Edouard Vlasic for Roughing.
15:43 of 3rd period - Ryan Kesler wins face-off versus Brandon Sutter in MapleLeafs zone.
15:58 of 3rd period - Snap shot by Brandon Sutter.
15:58 of 3rd period - Shot Misses the Net.
17:32 of 3rd period - Brandon Prust is hit by Benoit Pouliot and loses puck.
17:42 of 3rd period - Penalty to Marc-Edouard Vlasic is over, Marc-Edouard Vlasic is back on ice.
18:09 of 3rd period - Wrist shot by James van Riemsdyk.
18:09 of 3rd period - Stopped by Ondrej Pavelec without a rebound.
18:10 of 3rd period - Mikko Koivu wins face-off versus Vernon Fiddler in Sabres zone.
18:15 of 3rd period - Snap shot by James Neal.
18:15 of 3rd period - Shot Misses the Net.
19:01 of 3rd period - MapleLeafs, Cory Schneider is pulled from the net.
19:01 of 3rd period - Slapshot by Drew Doughty.
19:01 of 3rd period - Stopped by Ondrej Pavelec without a rebound.
19:02 of 3rd period - Claude Julien call a timeout for MapleLeafs.
19:02 of 3rd period - Mikko Koivu wins face-off versus Boyd Gordon in Sabres zone.
Goals for this period are 1 for Sabres vs 0 for MapleLeafs.
Shots for this period are 6 for Sabres vs 9 for MapleLeafs.